[Event "Skalica Masters 2020"]
[Site "Skalica"]
[Date "2020.08.24"]
[Round "1.1"]
[White "Sahidi, Samir"]
[Black "Jablonicky, Martin"]
[Result "1-0"]
[ECO "A39"]
[WhiteElo "2400"]
[BlackElo "2314"]
[Annotator "ChessBase"]
[PlyCount "99"]
[EventDate "2020.08.23"]
[EventType "tourn"]
[EventCountry "SVK"]
[TimeControl "40/5400+30:1800+30"]

1. d4 Nf6 2. Nf3 g6 3. c4 Bg7 4. g3 O-O 5. Bg2 c5 6. O-O cxd4 7. Nxd4 Nc6 8. Nc3 Qa5 9. Nb3 Qh5 10. Nd5 d6 11. h4 Nxd5 12. cxd5 Ne5 13. Bg5 f6 14. Bf4 g5 15. Bxe5 fxe5 16. hxg5 Qxg5 17. Nd2 Bf5 18. Nf3 Qg4 19. Qd2 Rac8 20. Rac1 e4 21. Nh4 Rxc1 22. Rxc1 Rc8 23. Nxf5 Rxc1+ 24. Qxc1 Qxf5 25. Qc2 Qxd5 26. Bxe4 Qxa2 27. Qc8+ Kf7 28. Qf5+ Ke8 29. Bxb7 e6 30. Bc6+ Ke7 31. Qg5+ Bf6 32. Qg8 Qb1+ 33. Kh2 Qg6 34. Qb8 Bd4 35. e3 Bb6 36. Qb7+ Kf6 37. Be4 Qh5+ 38. Kg2 d5 39. Bd3 Qf7 40. Qb8 Kg7 41. Qe5+ Qf6 42. Qh5 Qxb2 43. Qxh7+ Kf8 44. Qh6+ Ke7 45. g4 Qf6 46. Qh5 Kd6 47. g5 Qc3 48. Bb5 Qb2 49. Qe8 Qg7 50. Qc6+ 1-0

[Event "Skalica Masters 2020"]
[Site "Skalica"]
[Date "2020.08.24"]
[Round "1.3"]
[White "Schwarz, Dusan"]
[Black "Saric, Ivan"]
[Result "0-1"]
[ECO "E90"]
[WhiteElo "2297"]
[BlackElo "2646"]
[Annotator "ChessBase"]
[PlyCount "82"]
[EventDate "2020.08.23"]
[EventType "tourn"]
[EventCountry "SVK"]
[TimeControl "40/5400+30:1800+30"]

1. Nf3 Nf6 2. c4 g6 3. Nc3 Bg7 4. d4 O-O 5. e4 d6 6. h3 e5 7. d5 a5 8. g4 Nfd7 9. Be3 Nc5 10. Rg1 Nba6 11. Be2 Bd7 12. Qd2 Na4 13. Nxa4 Bxa4 14. b3 Bd7 15. h4 Nc5 16. Bxc5 dxc5 17. a4 c6 18. Qe3 cxd5 19. cxd5 Qb8 20. Nd2 Rc8 21. h5 b5 22. axb5 Bxb5 23. hxg6 hxg6 24. Bxb5 Qxb5 25. Ra4 c4 26. Qe2 Qb7 27. bxc4 Bf8 28. Qd3 Qd7 29. Qc2 Bc5 30. Ke2 Ra6 31. g5 Rb8 32. Nf3 Rab6 33. Ra2 Qh3 34. Nxe5 Qh2 35. Nd3 Qxg1 36. Nxc5 Qg4+ 37. f3 Qxg5 38. Nd3 Rb1 39. c5 R8b3 40. c6 Qg1 41. c7 Re1+ 0-1

[Event "Skalica Masters 2020"]
[Site "Skalica"]
[Date "2020.08.23"]
[Round "1.4"]
[White "Blohberger, Felix"]
[Black "Druska, Juraj"]
[Result "1/2-1/2"]
[ECO "C07"]
[WhiteElo "2467"]
[BlackElo "2515"]
[Annotator "ChessBase"]
[PlyCount "53"]
[EventDate "2020.08.23"]
[EventType "tourn"]
[EventCountry "SVK"]
[SourceTitle "playchess.com"]
[Source "ChessBase"]
[SourceQuality "1"]
[TimeControl "40/5400+30:1800+30"]

1. e4 e6 2. d4 d5 3. Nd2 c5 4. Ngf3 cxd4 5. Nxd4 Nc6 6. Bb5 Bd7 7. Nxc6 bxc6 8. Bd3 Qc7 9. Qe2 Ne7 10. O-O Ng6 11. Nf3 Be7 12. e5 c5 13. Re1 O-O 14. c4 dxc4 15. Be4 Bc6 16. Qxc4 Rab8 17. b3 Rfd8 18. Ba3 Qa5 19. Bxc6 Qxa3 20. g3 Rb4 21. Qc2 c4 22. Be4 cxb3 23. axb3 Qxb3 24. Qxb3 Rxb3 25. Rxa7 Bc5 26. Ra2 Ne7 27. Kg2 1/2-1/2

[Event "Skalica Masters 2020"]
[Site "Skalica"]
[Date "2020.08.24"]
[Round "1.5"]
[White "Berkes, Ferenc"]
[Black "Donchenko, Alexander"]
[Result "1/2-1/2"]
[ECO "E20"]
[WhiteElo "2661"]
[BlackElo "2657"]
[Annotator "ChessBase"]
[PlyCount "21"]
[EventDate "2020.08.23"]
[EventType "tourn"]
[EventCountry "SVK"]
[TimeControl "40/5400+30:1800+30"]

1. d4 Nf6 2. c4 e6 3. Nc3 Bb4 4. f3 c5 5. d5 d6 6. e4 O-O 7. Nge2 b5 8. Nf4 exd5 9. Nfxd5 Nxd5 10. Qxd5 Qb6 11. Bf4 1/2-1/2

[Event "Skalica Masters 2020"]
[Site "Skalica"]
[Date "2020.08.24"]
[Round "2.3"]
[White "Saric, Ivan"]
[Black "Blohberger, Felix"]
[Result "1/2-1/2"]
[ECO "B45"]
[WhiteElo "2646"]
[BlackElo "2467"]
[Annotator "ChessBase"]
[PlyCount "81"]
[EventDate "2020.08.23"]
[EventType "tourn"]
[EventCountry "SVK"]
[SourceTitle "playchess.com"]
[Source "ChessBase"]
[SourceQuality "1"]
[TimeControl "40/5400+30:1800+30"]

1. e4 c5 2. Nf3 e6 3. d4 cxd4 4. Nxd4 Nf6 5. Nc3 Nc6 6. Nxc6 bxc6 7. e5 Nd5 8. Ne4 Qc7 9. f4 Qb6 10. c4 Bb4+ 11. Ke2 f5 12. Nf2 Ba6 13. Kf3 Ne7 14. Be3 Bc5 15. Bxc5 Qxc5 16. Qd6 Qa5 17. h4 c5 18. Kg3 Rd8 19. Rh3 Nc8 20. Qd1 d5 21. exd6 Nxd6 22. Qe1 Qxe1 23. Rxe1 Bxc4 24. Bxc4 Nxc4 25. b3 Nb6 26. Rxe6+ Kf7 27. Re5 Rd5 28. Rxd5 Nxd5 29. Nd3 Nb4 30. Ne5+ Ke6 31. Rh1 Nxa2 32. Ra1 Nc3 33. Ra6+ Kd5 34. Rxa7 Rb8 35. Rd7+ Ke6 36. Rxg7 Rxb3 37. Kh2 Ne2 38. Rxh7 Nxf4 39. Nd7 Kd6 40. Nxc5 Kxc5 41. Rf7 1/2-1/2

[Event "Skalica Masters 2020"]
[Site "Skalica"]
[Date "2020.08.24"]
[Round "2.4"]
[White "Yankelevich, Lev"]
[Black "Schwarz, Dusan"]
[Result "1-0"]
[ECO "B76"]
[WhiteElo "2461"]
[BlackElo "2297"]
[Annotator "RC"]
[PlyCount "121"]
[EventDate "2020.08.23"]
[EventType "tourn"]
[EventCountry "SVK"]
[SourceTitle "playchess.com"]
[Source "ChessBase"]
[SourceQuality "1"]
[TimeControl "40/5400+30:1800+30"]

1. e4 c5 2. Nf3 d6 3. d4 cxd4 4. Nxd4 Nf6 5. Nc3 g6 6. Be3 Bg7 7. f3 O-O 8. Qd2 Nc6 9. O-O-O d5 10. Nxc6 bxc6 11. Bh6 Bxh6 12. Qxh6 Rb8 13. e5 Ne8 14. h4 f6 15. Bd3 Bf5 16. Bxf5 gxf5 17. Rh3 Rf7 18. Rg3+ Kh8 19. Qf4 Qb6 20. b3 Qb4 21. Qxb4 Rxb4 22. exf6 Nxf6 23. Rh3 e5 24. Re1 Re7 25. Ne2 f4 26. a3 Rbb7 27. g3 Nh5 28. gxf4 exf4 29. Rhh1 c5 30. Nc3 Nf6 31. Na4 Rxe1+ 32. Rxe1 c4 33. bxc4 dxc4 34. Re5 Rg7 35. Rf5 Rg1+ 36. Kb2 Kg7 37. Rxf4 Rf1 38. Nc3 h6 39. a4 Nh5 40. Rxc4 Rxf3 41. Rc7+ Rf7 42. Rxf7+ Kxf7 43. a5 Ke6 44. Nb5 Kd5 45. Nxa7 Kc5 46. Kb3 Ng3 47. c4 Ne4 48. Nc8 Nd2+ 49. Kc3 Nxc4 50. a6 Na3 51. a7 Nb5+ 52. Kd3 Nc7 53. Ne7 Kb5 54. Nd5 Na8 55. Kd4 Ka6 56. Kc5 Kxa7 57. Kc6 h5 58. Nf4 Kb8 59. Nxh5 Kc8 60. Ng7 Kd8 61. h5 1-0

[Event "Skalica Masters 2020"]
[Site "Skalica"]
[Date "2020.08.24"]
[Round "2.5"]
[White "Sahidi, Samir"]
[Black "Gazik, Viktor"]
[Result "1/2-1/2"]
[ECO "A32"]
[WhiteElo "2400"]
[BlackElo "2502"]
[Annotator "ChessBase"]
[PlyCount "90"]
[EventDate "2020.08.23"]
[EventType "tourn"]
[EventCountry "SVK"]
[SourceTitle "playchess.com"]
[Source "ChessBase"]
[SourceQuality "1"]
[TimeControl "40/5400+30:1800+30"]

1. d4 Nf6 2. c4 e6 3. Nf3 c5 4. Nc3 cxd4 5. Nxd4 a6 6. Nc2 b6 7. Bf4 Bb7 8. Bd6 Bxd6 9. Qxd6 Nc6 10. e4 Rc8 11. Be2 Qe7 12. O-O-O Qxd6 13. Rxd6 Ke7 14. Rhd1 Ne5 15. Rxb6 Bxe4 16. Ne3 Rc6 17. Rxc6 Nxc6 18. f3 Bg6 19. c5 a5 20. Nc4 Rb8 21. Nb6 e5 22. Nb5 Bf5 23. a3 g5 24. Kd2 h5 25. Ke3 Be6 26. Rd2 h4 27. Nd6 Nd4 28. Bc4 Bxc4 29. Ndxc4 Nb3 30. Rd6 Nxc5 31. Rxf6 Kxf6 32. b4 axb4 33. axb4 Rxb6 34. Nxb6 Na6 35. Nxd7+ Ke7 36. b5 Nc7 37. b6 Kxd7 38. Ke4 Ne6 39. Kxe5 Kc6 40. Kf6 Nf4 41. Kxf7 Nxg2 42. Kf6 Ne1 43. Kxg5 Nxf3+ 44. Kg4 Nxh2+ 45. Kxh4 Kxb6 1/2-1/2

[Event "Skalica Masters 2020"]
[Site "Skalica"]
[Date "2020.08.25"]
[Round "4.1"]
[White "Jablonicky, Martin"]
[Black "Druska, Juraj"]
[Result "1/2-1/2"]
[ECO "A05"]
[WhiteElo "2314"]
[BlackElo "2515"]
[Annotator "ChessBase"]
[PlyCount "41"]
[EventDate "2020.08.23"]
[EventType "tourn"]
[EventCountry "SVK"]
[SourceTitle "playchess.com"]
[Source "ChessBase"]
[SourceQuality "1"]
[TimeControl "40/5400+30:1800+30"]

1. Nf3 d5 2. g3 Nf6 3. Bg2 e6 4. O-O Be7 5. d3 O-O 6. Nbd2 c5 7. b3 Nc6 8. Bb2 b6 9. Ne5 Nxe5 10. Bxe5 Bb7 11. e4 Qd7 12. Qe2 Rfd8 13. f4 dxe4 14. Nxe4 Nxe4 15. Bxe4 Bxe4 16. Qxe4 Qd5 17. Rae1 g6 18. g4 Rac8 19. f5 Qxe4 20. Rxe4 exf5 21. gxf5 1/2-1/2

[Event "Skalica Masters 2020"]
[Site "Skalica"]
[Date "2020.08.26"]
[Round "5.1"]
[White "Schwarz, Dusan"]
[Black "Jablonicky, Martin"]
[Result "1-0"]
[ECO "E90"]
[WhiteElo "2297"]
[BlackElo "2314"]
[Annotator "RC"]
[PlyCount "83"]
[EventDate "2020.08.23"]
[EventType "tourn"]
[EventCountry "SVK"]
[SourceTitle "playchess.com"]
[Source "ChessBase"]
[SourceQuality "1"]
[TimeControl "40/5400+30:1800+30"]

1. d4 Nf6 2. c4 g6 3. Nc3 Bg7 4. e4 d6 5. h3 O-O 6. Be3 c5 7. d5 e6 8. Nf3 exd5 9. exd5 Re8 10. Bd3 Nfd7 11. O-O Ne5 12. Nxe5 Bxe5 13. Qd2 Nd7 14. Rae1 Bg7 15. Bg5 f6 16. Rxe8+ Qxe8 17. Bh4 Ne5 18. Re1 Qf8 19. Bf1 Bd7 20. f4 Nf7 21. Ne4 Nh6 22. Bf2 Re8 23. Qa5 f5 24. Ng5 Rxe1 25. Bxe1 Bxb2 26. Qxa7 Bd4+ 27. Bf2 Bxf2+ 28. Kxf2 Bc8 29. Be2 Nf7 30. Ne6 Bxe6 31. dxe6 Nd8 32. Bf3 Qe7 33. Bd5 Kg7 34. Qb6 h6 35. a4 g5 36. Qb2+ Kg6 37. fxg5 hxg5 38. Qe2 Kf6 39. g4 Nxe6 40. gxf5 Nd8 41. Qxe7+ Kxe7 42. a5 1-0

[Event "Skalica Masters 2020"]
[Site "Skalica"]
[Date "2020.08.27"]
[Round "6.1"]
[White "Jablonicky, Martin"]
[Black "Saric, Ivan"]
[Result "0-1"]
[ECO "D45"]
[WhiteElo "2314"]
[BlackElo "2646"]
[Annotator "ChessBase"]
[PlyCount "92"]
[EventDate "2020.08.23"]
[EventType "tourn"]
[EventCountry "SVK"]
[SourceTitle "playchess.com"]
[Source "ChessBase"]
[SourceQuality "1"]
[TimeControl "40/5400+30:1800+30"]

1. Nf3 d5 2. d4 Nf6 3. c4 e6 4. Nc3 c6 5. e3 Nbd7 6. Qc2 Bd6 7. b3 O-O 8. Bb2 e5 9. cxd5 cxd5 10. dxe5 Nxe5 11. Be2 Re8 12. O-O Bg4 13. Nxe5 Bxe5 14. Bxg4 Nxg4 15. h3 Nf6 16. Ne2 Rc8 17. Qb1 Bb8 18. Bxf6 Qxf6 19. Qd3 Rcd8 20. Rac1 h5 21. Rfd1 Qe5 22. Kf1 Qh2 23. Qf5 Qh1+ 24. Ng1 Bh2 25. Ke2 Qxg2 26. Nf3 g6 27. Qg5 Qxg5 28. Nxg5 Be5 29. Nf3 Bf6 30. Rc7 d4 31. Rd3 dxe3 32. Rxe3 Rb8 33. h4 Rec8 34. Rd7 Rc2+ 35. Kf1 Rxa2 36. Ng5 Ra1+ 37. Kg2 Bxg5 38. hxg5 Ra5 39. f4 Rf5 40. Kg3 a5 41. Re5 Rxe5 42. fxe5 b5 43. Kf4 a4 44. bxa4 bxa4 45. e6 Rb4+ 46. Ke5 Rb5+ 0-1

[Event "Skalica Masters 2020"]
[Site "Skalica"]
[Date "2020.08.27"]
[Round "6.2"]
[White "Yankelevich, Lev"]
[Black "Druska, Juraj"]
[Result "0-1"]
[ECO "D41"]
[WhiteElo "2461"]
[BlackElo "2515"]
[Annotator "ChessBase"]
[PlyCount "90"]
[EventDate "2020.08.23"]
[EventType "tourn"]
[EventCountry "SVK"]
[SourceTitle "playchess.com"]
[Source "ChessBase"]
[SourceQuality "1"]
[TimeControl "40/5400+30:1800+30"]

1. d4 d5 2. c4 e6 3. Nf3 Nf6 4. Nc3 c5 5. cxd5 Nxd5 6. e4 Nxc3 7. bxc3 cxd4 8. cxd4 Bb4+ 9. Bd2 Bxd2+ 10. Qxd2 O-O 11. Bc4 Nd7 12. O-O b6 13. Rad1 Bb7 14. Rfe1 Rc8 15. Bb3 Re8 16. h3 h6 17. Re3 Qc7 18. e5 Red8 19. d5 Bxd5 20. Bxd5 Nc5 21. Qe2 Rxd5 22. Rxd5 exd5 23. Qd1 Rd8 24. Nd4 Ne6 25. Rd3 Nxd4 26. Rxd4 Qxe5 27. a4 Rd6 28. g3 g6 29. h4 h5 30. Qd2 Kg7 31. Qd1 Qe8 32. Kg2 Kg8 33. Qd3 Qc6 34. Qb3 Qc5 35. Qd3 Rf6 36. Qd2 Qc6 37. Qa2 Rd6 38. Qd2 Re6 39. Kh2 Re5 40. a5 Qe6 41. axb6 axb6 42. Kg2 Re1 43. Qg5 Qe2 44. Qxd5 Qf1+ 45. Kf3 Re2 0-1

[Event "Skalica Masters 2020"]
[Site "Skalica"]
[Date "2020.08.28"]
[Round "7.1"]
[White "Blohberger, Felix"]
[Black "Jablonicky, Martin"]
[Result "1/2-1/2"]
[ECO "B29"]
[WhiteElo "2467"]
[BlackElo "2314"]
[Annotator "ChessBase"]
[PlyCount "74"]
[EventDate "2020.08.23"]
[EventType "tourn"]
[EventCountry "SVK"]
[SourceTitle "playchess.com"]
[Source "ChessBase"]
[SourceQuality "1"]
[TimeControl "40/5400+30:1800+30"]

1. e4 c5 2. Nf3 Nf6 3. Nc3 d5 4. exd5 Nxd5 5. Bb5+ Bd7 6. a4 Nxc3 7. dxc3 Nc6 8. Bf4 e6 9. Qe2 a6 10. Bxc6 Bxc6 11. Ne5 Be7 12. Rd1 Qb6 13. Nc4 Qa7 14. Nd6+ Bxd6 15. Bxd6 Qb6 16. O-O O-O-O 17. Bg3 Rxd1 18. Qxd1 Qd8 19. Qg4 Qd5 20. f3 g5 21. c4 Qf5 22. Qxf5 exf5 23. a5 Rd8 24. Be1 Rd1 25. Bc3 Rxf1+ 26. Kxf1 g4 27. Kf2 gxf3 28. gxf3 Bd7 29. Kg3 Kc7 30. Be5+ Kc6 31. Kf4 b6 32. axb6 Kxb6 33. Kg5 f4 34. Bxf4 Ba4 35. b3 Bc6 36. Kg4 Bd7+ 37. Kg5 Bc6 1/2-1/2

[Event "Skalica Masters 2020"]
[Site "Skalica"]
[Date "2020.08.28"]
[Round "7.4"]
[White "Druska, Juraj"]
[Black "Sahidi, Samir"]
[Result "1/2-1/2"]
[ECO "C10"]
[WhiteElo "2515"]
[BlackElo "2400"]
[Annotator "ChessBase"]
[PlyCount "85"]
[EventDate "2020.08.23"]
[EventType "tourn"]
[EventCountry "SVK"]
[SourceTitle "playchess.com"]
[Source "ChessBase"]
[SourceQuality "1"]
[TimeControl "40/5400+30:1800+30"]

1. e4 e6 2. d4 d5 3. Nd2 dxe4 4. Nxe4 Bd7 5. Nf3 Bc6 6. Bd3 Nd7 7. O-O Ngf6 8. Ned2 Be7 9. Nc4 Be4 10. Re1 Bxd3 11. Qxd3 O-O 12. b3 c6 13. Bf4 Nd5 14. Bg3 N7f6 15. Nce5 Bb4 16. Rf1 Nh5 17. c4 Ne7 18. Rad1 f6 19. Ng4 Qd7 20. Ne3 Rad8 21. Qc2 Rfe8 22. a3 Nxg3 23. hxg3 Bxa3 24. Ra1 Bb4 25. Rxa7 c5 26. Rd1 Nc6 27. dxc5 Qc7 28. Raa1 Bxc5 29. Qe4 Qb6 30. Rxd8 Nxd8 31. Rb1 Nc6 32. g4 Qd8 33. Rd1 Qe7 34. g3 Ra8 35. Kg2 Ra3 36. Re1 Qd7 37. Rd1 Qe7 38. Re1 Qf7 39. Qd3 Ra8 40. Qe4 h6 41. Re2 Rd8 42. Nc2 Rd6 43. Re1 1/2-1/2

[Event "Skalica Masters 2020"]
[Site "Skalica"]
[Date "2020.08.28"]
[Round "7.5"]
[White "Saric, Ivan"]
[Black "Yankelevich, Lev"]
[Result "1-0"]
[ECO "C54"]
[WhiteElo "2646"]
[BlackElo "2448"]
[Annotator "ChessBase"]
[PlyCount "77"]
[EventDate "2020.08.23"]
[EventType "tourn"]
[EventCountry "SVK"]
[SourceTitle "playchess.com"]
[Source "ChessBase"]
[SourceQuality "1"]
[TimeControl "40/5400+30:1800+30"]

1. e4 e5 2. Nf3 Nc6 3. Bc4 Nf6 4. d3 Bc5 5. O-O d6 6. c3 a5 7. Re1 Ba7 8. Na3 h6 9. Nc2 O-O 10. a4 Ne7 11. d4 d5 12. exd5 exd4 13. d6 Nf5 14. Ncxd4 Nxd4 15. Nxd4 Qxd6 16. Nb5 Qc5 17. Qd4 Qxb5 18. axb5 Bxd4 19. cxd4 Rd8 20. Ra4 Bf5 21. Bd2 Nd5 22. Rxa5 Rxa5 23. Bxa5 Be6 24. Rc1 Nf4 25. Bf1 Rxd4 26. Bxc7 Nd3 27. Rd1 Rd7 28. Bxd3 Rxc7 29. Be4 Kf8 30. f3 f5 31. b6 Rf7 32. Bc6 Rf6 33. Rd8+ Ke7 34. Rb8 Bd7 35. Bxd7 Kxd7 36. Rxb7+ Kc6 37. Rxg7 Kxb6 38. Rd7 Kc6 39. Rd2 1-0

[Event "Skalica Masters 2020"]
[Site "Skalica"]
[Date "2020.08.29"]
[Round "8.1"]
[White "Jablonicky, Martin"]
[Black "Yankelevich, Lev"]
[Result "1/2-1/2"]
[ECO "D91"]
[WhiteElo "2314"]
[BlackElo "2461"]
[Annotator "ChessBase"]
[PlyCount "64"]
[EventDate "2020.08.23"]
[EventType "tourn"]
[EventCountry "SVK"]
[SourceTitle "playchess.com"]
[Source "ChessBase"]
[SourceQuality "1"]
[TimeControl "40/5400+30:1800+30"]

1. d4 Nf6 2. Nf3 g6 3. c4 Bg7 4. Nc3 d5 5. Bg5 Ne4 6. cxd5 Nxg5 7. Nxg5 e6 8. Qd2 h6 9. Nf3 exd5 10. e3 c6 11. Bd3 Nd7 12. O-O a5 13. a3 O-O 14. b4 b5 15. e4 Nb6 16. exd5 axb4 17. axb4 Rxa1 18. Rxa1 Nxd5 19. Ne4 Ne7 20. Bc2 Bg4 21. Ne5 Bxe5 22. dxe5 Qxd2 23. Nxd2 Nd5 24. Bb3 Nxb4 25. Ne4 Be6 26. Nf6+ Kg7 27. Bxe6 fxe6 28. Ra7+ Rf7 29. Ne8+ Kg8 30. Nf6+ Kg7 31. Ne8+ Kg8 32. Nf6+ Kg7 1/2-1/2

[Event "Skalica Masters 2020"]
[Site "Skalica"]
[Date "2020.08.29"]
[Round "8.4"]
[White "Schwarz, Dusan"]
[Black "Donchenko, Alexander"]
[Result "0-1"]
[ECO "D24"]
[WhiteElo "2297"]
[BlackElo "2657"]
[Annotator "ChessBase"]
[PlyCount "46"]
[EventDate "2020.08.23"]
[EventType "tourn"]
[EventCountry "SVK"]
[SourceTitle "playchess.com"]
[Source "ChessBase"]
[SourceQuality "1"]
[TimeControl "40/5400+30:1800+30"]

1. d4 Nf6 2. c4 e6 3. Nf3 d5 4. Nc3 dxc4 5. e3 a6 6. a4 b6 7. Bxc4 Bb7 8. O-O Bb4 9. Qb3 Qe7 10. d5 Bxc3 11. dxe6 Bb4 12. exf7+ Kf8 13. e4 Nc6 14. e5 Ne4 15. Qc2 Nxe5 16. Nd4 Nc5 17. Bf4 Nxc4 18. Qxc4 a5 19. Nb5 Qxf7 20. Qxf7+ Kxf7 21. Bxc7 Ba6 22. Nd6+ Ke6 23. Rfd1 Nb3 0-1

[Event "Skalica Masters 2020"]
[Site "Skalica"]
[Date "2020.08.29"]
[Round "8.5"]
[White "Blohberger, Felix"]
[Black "Berkes, Ferenc"]
[Result "1/2-1/2"]
[ECO "B12"]
[WhiteElo "2467"]
[BlackElo "2661"]
[Annotator "ChessBase"]
[PlyCount "32"]
[EventDate "2020.08.23"]
[EventType "tourn"]
[EventCountry "SVK"]
[SourceTitle "playchess.com"]
[Source "ChessBase"]
[SourceQuality "1"]
[TimeControl "40/5400+30:1800+30"]

1. e4 c6 2. d4 d5 3. e5 Bf5 4. h4 h5 5. c4 e6 6. Nc3 dxc4 7. Bxc4 Nd7 8. Nge2 Be7 9. Bf4 Nh6 10. g3 Bg4 11. Qd2 Nb6 12. Bb3 Bf3 13. O-O Nf5 14. Bg5 Bxg5 15. hxg5 g6 16. Qf4 Bxe2 1/2-1/2